Map: Acid Plant LE

Players

HaveFun

  • Race: Terran Terran
  • League: Platinum
  • Spawn Location: 11:00

DAW - Winner!

  • Race: Terran Terran
  • League: Diamond
  • Spawn Location: 5:00

VOD

Have the link to the VOD?

Description

Time

  • Played on: April 1, 2018, 9:15 p.m.
  • Length: 27:35
Show
View Real Time Build Order
Export as new Build Order

HaveFun Terran 

Build Orders:  

Get SALT Encoding   

  12  0:01  SCV  
  13  0:13  SCV  
  14  0:18  Supply Depot  
  14  0:25  SCV  
  15  0:40  SCV  
  16  0:44  Barracks  
  16  0:48  Refinery  
  16  0:52  SCV  
  17  0:58  Refinery  
  17  1:04  SCV  
  18  1:16  SCV  
  19  1:31  Reaper  
  20  1:40  Orbital Command  
  20  1:48  Factory  
  20  2:05  Barracks Reactor  
  20  2:11  SCV  
  21  2:20  Command Center  
  21  2:25  SCV  
  22  2:33  Supply Depot  
  22  2:37  SCV  
  22  3:01  Starport  
  22  3:03  Cyclone  
  22  3:04  Barracks Tech Lab  
  22  3:05  Cyclone  
  28  3:12  SCV  
  29  3:30  Marine  
  30  3:35  Cyclone  
  30  3:41  Widow Mine  
  35  3:42  Medivac  
  37  3:49  Supply Depot  
  37  3:57  Barracks  
  37  4:01  Marine  
  37  4:02  Hellion  
  40  4:18  Cyclone  
  43  5:00  Cyclone  
  43  5:01  Cyclone  
  43  5:04  Barracks Reactor  
  43  5:06  Barracks Reactor  
  49  5:10  Orbital Command  
  49  5:14  SCV  
  50  5:24  Refinery  
  50  5:26  SCV  
  51  5:28  Refinery  
  51  5:38  SCV  
  50  5:50  SCV  
  46  6:00  Cyclone x2  
  52  6:05  Cloaking Field  
  52  6:10  Supply Depot  
  52  6:12  Supply Depot  
  52  6:14  SCV x2  
  54  6:31  SCV x2, Banshee  
  54  6:32  Cyclone  
  62  6:36  Supply Depot  
  62  6:41  Supply Depot  
  62  6:43  SCV x2  
  64  6:47  Cyclone  
  64  6:49  Marine  
  64  6:50  Marine  
  69  6:55  SCV  
  69  6:58  SCV  
  71  7:02  Supply Depot  
  71  7:03  Supply Depot  
  71  7:07  SCV  
  72  7:10  SCV  
  72  7:11  Factory  
  72  7:14  Banshee  
  76  7:20  Marine  
  76  7:21  Marine x2  
  79  7:28  Engineering Bay, Cyclone x2  
  85  7:35  Supply Depot  
  85  7:42  Command Center  
  85  7:56  Banshee  
  88  8:26  Marine x3  
  88  8:27  Marine  
  92  8:44  Marine  
  93  8:54  Command Center  
  93  8:56  Factory Tech Lab  
  93  8:59  Factory  
  93  9:03  Marine  
  93  9:04  Marine x3  
  93  9:07  Barracks  
  97  9:10  Barracks, Starport Reactor  
  91  9:20  Missile Turret  
  91  9:21  Missile Turret  
  91  9:22  Terran Infantry Weapons Level 1  
  91  9:30  Siege Tank  
  94  10:02  Medivac x2  
  98  10:12  Factory Tech Lab  
  95  10:16  Armory  
  95  10:18  Armory  
  95  10:22  Stimpack  
  95  10:32  Medivac x2  
  99  10:47  Orbital Command  
  99  10:50  Orbital Command  
  99  11:00  SCV x2  
  101  11:08  Siege Tank x2  
  107  11:11  Refinery, Terran Vehicle Weapons Level 1  
  107  11:12  SCV x2  
  107  11:13  Terran Vehicle And Ship Armor Level 1  
  107  11:14  Marine  
  110  11:24  SCV x3  
  113  11:27  Supply Depot  
  113  11:30  Supply Depot  
  113  11:36  SCV x2  
  113  11:39  Medivac  
  117  11:40  Siege Tank  
  117  11:43  Starport  
  117  11:46  Missile Turret  
  120  11:48  SCV x3  
  120  11:49  SCV  
  124  12:00  SCV x3  
  123  12:07  Missile Turret, Siege Tank  
  115  12:11  Marine x3  
  115  12:12  Siege Tank  
  109  12:28  Marine x3  
  109  12:29  Marine x2  
  74  12:39  Siege Tank  
  74  12:43  Command Center  
  72  12:44  Siege Tank  
  72  12:45  Marine x2  
  72  12:46  Marine x3  
  72  12:50  SCV x2  
  81  13:02  SCV x2  
  83  13:07  Liberator  
  83  13:11  Siege Tank  
  86  13:13  Command Center, Terran Infantry Weapons Level 2  
  86  13:15  Combat Shields  
  86  13:26  SCV  
  84  13:32  Refinery  
  77  13:35  Refinery  
  77  13:37  Starport  
  77  13:39  Starport  
  76  14:08  Siege Tank x2  
  76  14:09  Hellion  
  84  14:27  Missile Turret, Liberator  
  74  14:40  Siege Tank  
  77  14:56  Refinery  
  77  14:57  Orbital Command  
  77  15:05  Refinery  
  77  15:06  Starport Tech Lab x2  
  77  15:10  SCV x2  
  77  15:11  SCV  
  80  15:22  Terran Ship Weapons Level 1, Fusion Core  
  80  15:49  Command Center  
  80  15:56  Orbital Command  
  80  16:01  Siege Tank x2  
  75  16:11  Missile Turret  
  72  16:12  Missile Turret  
  72  16:30  SCV x2  
  72  16:31  SCV x2  
  76  16:33  Siege Tank  
  72  16:42  SCV  
  67  16:48  Viking x2  
  67  16:50  Starport Tech Lab  
  71  17:00  SCV x2  
  72  17:05  SCV  
  73  17:17  SCV  
  73  17:18  Battlecruiser  
  86  17:25  SCV x2  
  86  17:29  SCV, Battlecruiser  
  89  17:42  SCV  
  88  17:45  Marine, Siege Tank  
  88  17:46  Marine x4  
  99  17:53  Starport  
  99  17:57  Starport  
  99  17:58  SCV  
  99  18:03  SCV x2, Marine  
  99  18:04  Supply Depot  
  100  18:09  Supply Depot  
  98  18:26  SCV x2, Marine x3  
  99  18:28  Supply Depot  
  99  18:33  Supply Depot  
  99  18:34  Missile Turret  
  99  18:35  Missile Turret  
  96  18:44  Marine x5  
  96  18:47  Thor  
  107  18:50  Hellion x2  
  107  18:52  Supply Depot  
  111  18:55  Missile Turret  
  111  18:56  Missile Turret  
  111  18:57  Missile Turret  
  111  18:58  Supply Depot  
  111  19:02  Missile Turret x2  
  111  19:05  Missile Turret  
  111  19:16  Starport Tech Lab, Missile Turret  
  111  19:17  Missile Turret x2  
  111  19:22  Starport Tech Lab  
  111  19:31  Refinery  
  111  19:39  Battlecruiser  
  111  19:40  Battlecruiser  
  111  19:41  Battlecruiser  
  111  19:44  Terran Ship Weapons Level 2  
  129  19:50  Thor  
  135  20:04  SCV x3  
  138  20:21  Marine x2  
  140  20:32  Marine x3, Weapon Refit  
  140  20:39  Marine x2  
  140  20:41  Battlecruiser  
  133  21:18  Supply Depot  
  133  21:19  Supply Depot x2  
  133  21:23  Supply Depot  
  118  22:18  Refinery  
  100  22:43  Marine x2  
  100  22:44  Marine x2  
  94  22:45  Siege Tank  
  94  22:54  Starport  
  94  22:56  Starport  
  94  23:09  Marine x5  
  93  23:15  Battlecruiser  
  93  23:16  Supply Depot  
  93  23:17  Supply Depot x2, Siege Tank  
  93  23:18  Supply Depot  
  96  23:27  Marine x5  
  96  23:32  Command Center  
  101  23:40  Supply Depot  
  101  23:45  Marine x3  
  104  24:12  Starport Tech Lab, Starport Reactor  
  102  25:45  Marine  
  102  25:46  Marine x2  
  105  26:03  Marine  
  106  26:26  Marine x3  
Show
View Real Time Build Order
Export as new Build Order

DAW Terran - Winner!

Build Orders: MMM Bio 

Get SALT Encoding   

  12  0:02  SCV  
  13  0:14  Supply Depot  
  13  0:18  SCV  
  14  0:26  Refinery  
  14  0:30  SCV  
  15  0:42  SCV  
  16  0:47  Barracks  
  16  0:54  SCV  
  17  1:06  SCV  
  18  1:18  SCV  
  19  1:27  Engineering Bay  
  19  1:33  SCV  
  20  1:40  Factory  
  21  1:49  Orbital Command  
  19  2:01  Supply Depot, Barracks Reactor  
  19  2:13  Refinery  
  19  2:15  SCV  
  20  2:25  Hellion  
  22  2:30  SCV  
  22  2:45  Starport  
  22  3:06  Hellion x2  
  22  3:10  Command Center  
  22  3:12  Barracks Tech Lab  
  26  3:21  Barracks  
  26  3:31  Hellion x2  
  30  3:36  SCV  
  31  3:49  Starport Tech Lab  
  31  3:57  SCV, Marine  
  33  4:14  SCV, Marine  
  33  4:16  Marine  
  36  4:26  SCV  
  36  4:31  Siege Tank  
  40  4:32  Marine  
  40  4:34  Marine  
  40  4:38  SCV, Stimpack  
  43  4:44  Bunker  
  43  4:50  SCV  
  43  4:52  Marine  
  46  4:57  Orbital Command  
  45  5:03  Marine  
  46  5:07  SCV  
  47  5:19  Supply Depot  
  47  5:20  SCV  
  48  5:22  Barracks Reactor  
  48  5:28  SCV  
  49  5:32  SCV  
  40  5:44  SCV  
  40  5:55  SCV  
  40  5:56  SCV  
  41  6:07  SCV  
  41  6:08  SCV  
  41  6:10  Viking  
  45  6:13  Marauder  
  45  6:18  Marine x2  
  48  6:19  SCV  
  48  6:20  SCV  
  51  6:31  SCV  
  51  6:32  SCV  
  53  6:34  Marauder  
  53  6:37  Widow Mine  
  53  6:39  Marine  
  57  6:40  Marine  
  57  6:43  SCV, Combat Shields  
  57  6:44  SCV  
  61  6:51  Supply Depot  
  61  6:55  SCV  
  62  7:07  Supply Depot x2  
  62  7:12  Medivac x2  
  62  7:13  Marauder  
  68  7:16  Marine x2  
  70  7:28  SCV x2, Siege Tank  
  75  7:34  Marine x2, Marauder  
  79  7:40  SCV  
  79  7:43  Command Center  
  80  7:52  Marine x2  
  80  7:56  Marauder  
  84  7:59  Barracks  
  84  8:01  Refinery, Barracks  
  84  8:02  Barracks  
  84  8:04  Refinery  
  84  8:07  Engineering Bay  
  84  8:09  Engineering Bay  
  84  8:13  Supply Depot  
  84  8:14  Supply Depot  
  84  8:16  Siege Tank  
  84  8:18  Marauder  
  83  8:39  Marauder  
  81  9:02  SCV x3  
  83  9:13  Barracks Tech Lab x2  
  83  9:14  SCV x2  
  83  9:15  SCV, Barracks Reactor  
  83  9:19  Terran Infantry Weapons Level 1, Terran Infantry Armor Level 1  
  83  9:26  SCV x2  
  85  9:36  Planetary Fortress  
  85  9:42  Siege Tank  
  85  9:44  Marine x5  
  90  10:00  SCV  
  90  10:01  SCV  
  89  10:13  SCV  
  89  10:14  Marine x4, Siege Tank, Marauder x3  
  102  10:21  SCV x2  
  102  10:25  SCV  
  105  10:31  Marine  
  105  10:32  Marine  
  105  10:33  SCV  
  105  10:35  Marauder  
  114  10:42  Marine  
  114  10:43  Marine, Marauder x2  
  114  10:49  Marine  
  117  10:59  Marine  
  117  11:00  Viking, Medivac, Marine, Marauder  
  125  11:06  Refinery  
  125  11:10  Refinery  
  125  11:13  Missile Turret  
  125  11:14  Missile Turret  
  125  11:15  Missile Turret  
  125  11:17  SCV x2, Missile Turret  
  125  11:18  SCV  
  128  11:24  Marine, Marauder  
  131  11:29  SCV  
  131  11:30  SCV  
  133  11:46  Missile Turret  
  133  11:52  Supply Depot x2  
  133  12:13  Marine x3  
  133  12:14  SCV x2, Reaper  
  118  12:29  Marine, Marauder x2  
  119  12:31  Marine x3  
  111  12:46  Marauder  
  111  12:47  Marine  
  114  12:52  Siege Tank  
  114  12:57  SCV x3  
  120  13:09  SCV x3  
  123  13:17  Command Center  
  123  13:24  Siege Tank  
  124  13:41  Marine x4, Marauder x3  
  134  13:51  SCV x3  
  137  13:56  Siege Tank  
  137  13:58  Armory  
  137  13:59  Marine  
  141  14:25  Marine x3  
  141  14:26  Marauder  
  141  14:27  SCV, Viking x2  
  141  14:28  Marine, Marauder x2  
  141  14:29  Siege Tank  
  115  14:43  Marine x2  
  115  14:44  Marine  
  109  14:46  Marine  
  109  14:47  Marauder  
  109  14:48  SCV  
  109  14:49  SCV x2  
  109  14:50  Marauder x2  
  119  14:55  SCV  
  119  14:57  Medivac x2  
  124  15:01  SCV x3, Marine x2, Siege Tank  
  124  15:03  Terran Infantry Weapons Level 2, Terran Infantry Armor Level 2  
  124  15:06  Terran Vehicle Weapons Level 1  
  132  15:07  SCV  
  132  15:09  Marauder  
  132  15:11  Marauder  
  132  15:13  SCV x3  
  140  15:16  Marine x2  
  140  15:17  Marauder  
  140  15:19  Marine x2  
  147  15:25  SCV, Orbital Command  
  147  15:27  Medivac, Viking  
  151  15:29  Refinery  
  151  15:30  Marauder  
  151  15:31  Refinery  
  151  15:32  Marine  
  151  15:35  Widow Mine  
  156  15:42  Factory  
  153  15:57  Viking, Medivac  
  132  16:10  Marine, Marauder x3  
  132  16:11  Marine x3  
  141  16:16  SCV x3  
  145  16:27  Viking  
  145  16:28  Marine x3  
  145  16:29  Marine  
  145  16:32  Marauder x2  
  155  16:46  Marine  
  156  17:07  Marine x4, Marauder x2  
  156  17:08  Marauder  
  166  17:10  Supply Depot x2  
  166  17:11  Terran Vehicle Weapons Level 2  
  166  17:14  Supply Depot  
  166  17:24  Marine  
  166  17:29  Marauder x3  
  161  17:37  Supply Depot  
  161  17:46  Marine x4  
  161  17:50  Marauder x3  
  167  17:54  Supply Depot  
  167  17:55  Supply Depot x2  
  167  17:57  Supply Depot  
  167  17:58  Supply Depot x2  
  165  18:03  Marine  
  165  18:04  Marine x2  
  167  18:11  Marauder x2  
  167  18:12  Marauder  
  163  18:33  Marauder x3  
  162  18:45  Marine x4  
  166  18:54  Marine, Marauder  
  166  18:55  Marauder  
  171  19:02  Command Center  
  171  19:03  Marine x4, Factory Tech Lab  
  175  19:12  Marauder  
  175  19:16  Marauder x2  
  181  19:17  Starport  
  181  19:18  Viking x2, Starport  
  181  19:20  Marine  
  181  19:21  Marine x3  
  189  19:33  Marauder  
  191  19:47  Medivac  
  191  19:48  Medivac  
  195  19:55  Marauder x2  
  195  19:58  Terran Vehicle Weapons Level 3  
  199  20:04  Terran Infantry Armor Level 3, Terran Infantry Weapons Level 3  
  182  21:19  Marine x7  
  180  21:36  Marine  
  180  21:37  Marine x6  
  182  21:54  Marine  
  182  21:55  Marine x6  
  135  22:27  Viking x2  
  130  22:35  Marine  
  130  22:36  Marine x6  
  124  22:53  Viking x2, Marine x4  
  124  22:54  Marine x3  
  124  22:57  Viking x2  
  139  23:11  Marine x7  
  135  23:23  Viking x2  
  139  23:27  Viking  
  139  23:29  Marine x7  
  146  23:47  Marine x3  
  146  23:53  Viking x2  
  146  23:54  Starport Reactor  
  150  23:58  Command Center  
  142  24:23  Viking x2  
  146  24:30  Marauder x2  
  146  24:31  Marine x4, Marauder  
  156  24:39  Ghost Academy x2  
  156  24:41  Ghost Academy  
  156  24:48  Marine  
  156  24:52  Marauder x2  
  152  25:10  Viking x2, Ghost Academy  
  156  25:15  Ghost Academy  
  156  25:16  Nuke x3  
  156  25:17  Ghost Academy  
  162  25:37  Viking x2  
  162  25:40  Viking  
  168  25:47  Personal Cloaking  
  168  25:49  Unknown x3  
  172  26:17  Unknown x2  
  172  26:18  Unknown  
  172  26:46  Unknown  
  168  27:16  Marine x2  
  168  27:17  Marine x5  
Tags
 
Composition
MMM Bio
Matchup
TvT
Race
Terran
Spawn Locations
Cross Positions
Add a new tag
Caveats
  • Supply blocks, unpowered buildings, or Contaminate may cause inaccurate times.
  • Supply counts are checked every 10 seconds.